 Dungeon Crawl Stone Soup version 0.30.1-3-gfc49f6343a (webtiles) character file.

Game seed: 4882014457777860617

704 CaptainMV the Twirler (level 7, -7/51 HPs)
             Began as a Demonspawn Wanderer on Aug 7, 2023.
             Was an Initiate of Kikubaaqudgha.
             Mangled by Onni's ghost (13 damage)
             ... on level 4 of the Dungeon.
             The game lasted 00:29:14 (3635 turns).

CaptainMV the Twirler (Demonspawn Wanderer)         Turns: 3635, Time: 00:29:16

Health: -7/51      AC:  4    Str: 10    XL:     7   Next: 39%
Magic:  10/11      EV: 12    Int: 18    God:    Kikubaaqudgha [......]
Gold:   226        SH:  0    Dex: 14    Spells: 8/12 levels left

rFire   . . .        a - +3 quarterstaff
rCold   . . .        (shield currently unavailable)
rNeg    . . .        d - +1 robe
rPois   .            (no helmet)
rElec   .            (no cloak)
rCorr   .            (no gloves)
SInv    .            b - +0 pair of boots
Will    .....        (no amulet)
Stlth   ++           (no ring)
HPRegen 0.28/turn    (no ring)
MPRegen 0.12/turn

%: no passive effects
@: no status effects
A: spiny 1, big brain 1, weakness stinger 2
a: Renounce Religion


You were on level 4 of the Dungeon.
You worshipped Kikubaaqudgha.
Kikubaaqudgha was noncommittal.
You visited 2 branches of the dungeon, and saw 5 of its levels.
You also visited: Sewer.

You collected 226 gold pieces.

Inventory:

Hand Weapons
 a - a +3 quarterstaff (weapon)
Missiles
 f - 4 atropa-tipped darts (quivered)
 j - 7 boomerangs
 m - 20 poisoned darts
 q - 3 curare-tipped darts
Armour
 b - a +0 pair of boots (worn)
 d - a +1 robe (worn)
Wands
 k - a wand of flame (14)
 l - a wand of iceblast (9)
 r - a wand of digging (5)
Scrolls
 c - a scroll of magic mapping
Potions
 e - 3 potions of mutation {unknown}
 g - a potion of flight
 h - a potion of resistance {unknown}
 i - a potion of cancellation {unknown}
 n - a potion of ambrosia {unknown}
 p - a potion of brilliance {unknown}


   Skills:
 + Level 2.6 Fighting
 + Level 5.5 Staves
 + Level 0.5 Throwing
 + Level 2.2 Dodging
 + Level 3.2 Stealth
 + Level 3.2 Spellcasting
 + Level 2.5 Necromancy
 + Level 1.2 Invocations


You had 8 spell levels left.
You knew the following spells:

 Your Spells              Type           Power      Damage    Failure   Level
a - Kiss of Death         Conj/Necr      28%        2d7       10%         1
b - Vampiric Draining     Necr           12%        2d6       17%         3

Your spell library contained the following spells:

 Spells                   Type           Power      Damage    Failure   Level
 Lesser Beckoning         Tloc           4%         N/A       24%         2
 Gell's Gravitas          Tloc           2%         N/A       43%         3
 Teleport Other           Tloc           2%         N/A       43%         3


Dungeon Overview and Level Annotations

Branches:
Dungeon (4/15)             Temple (1/1) D:4           Sewer (visited)

Altars:
Ashenzari
Cheibriados
Dithmenos
Fedhas
Gozag
Hepliaklqana
Kikubaaqudgha
Makhleb
Qazlal
Uskayaw
Wu Jian
Xom
Yredelemnul

Annotations:
D:4 Onni's ghost, amateur TrFi


Innate Abilities, Weirdness & Mutations

You are partially covered in sharp spines.
You have an unusually large brain. (Int +2)
You have a tail ending in a sharp stinger.


Message History

Kikubaaqudgha accepts your kill.
The howler monkey skeleton is struck by your spines.
The howler monkey skeleton hits you.
* * * LOW HITPOINT WARNING * * *
You feel better. The water moccasin skeleton bites you.
The howler monkey skeleton hits you.
* * * LOW HITPOINT WARNING * * *
Onni's ghost hits you but does no damage.
Unknown command.
Aiming: Throw Flame
Press: ? - help, Q - select action, (/) - cycle Shift-Dir - straight line, f - Onni's ghost
Aim: Onni's ghost (heavily damaged, 72% to hit)
The puff of flame hits Onni's ghost.
Onni's ghost is severely damaged.
The water moccasin skeleton is struck by your spines.
The water moccasin skeleton bites you.
* * * LOW HITPOINT WARNING * * *
The howler monkey skeleton hits you but does no damage.
Onni's ghost misses you.
Aiming: Throw Flame
Press: ? - help, Q - select action, (/) - cycle Shift-Dir - straight line, f/p - Onni's ghost
Aim: Onni's ghost (severely damaged, 72% to hit)
The puff of flame hits Onni's ghost!
Onni's ghost is severely damaged.
The water moccasin skeleton bites you but does no damage.
The howler monkey skeleton closely misses you.
Onni's ghost misses you.
Aiming: Throw Flame
Press: ? - help, Q - select action, (/) - cycle Shift-Dir - straight line, f/p - Onni's ghost
Aim: Onni's ghost (severely damaged, 72% to hit)
The puff of flame hits Onni's ghost.
Onni's ghost is severely damaged.
The water moccasin skeleton is struck by your spines.
The water moccasin skeleton bites you.
* * * LOW HITPOINT WARNING * * *
The howler monkey skeleton is struck by your spines.
The howler monkey skeleton barely misses you.
Onni's ghost hits you!
You die...
Kikubaaqudgha rasps: "You have failed me!
Welcome... death!"

##.#.####.## #.. ##.##
#.## #.# #.#####..# #..
##.#...>.#.# ##.#
##....###############...
#.....##.#.#.#......#..#
#......#.....######.#..#
#.#.#..'Z...## #>#..#
#.#....@W..?.# #.#...
#.#.#..'Z..$## #.#.##
#.#.#..#.....# #[#.#
#.#.####.#.#.# #.#.##
#......############.#.##
#.#.<.....#.............
#.#######...#######.#...
##.# ####### #.####
######..#####.## #.# #


You could see Onni's ghost, a water moccasin skeleton and a howler monkey
skeleton.

Vanquished Creatures
  A black bear (D:4)
  5 kobold brigands (Sewer)
  A sleepcap (D:4)
  An iguana (D:4)
  10 adders
  A howler monkey skeleton (D:4)
  2 river rats (Sewer)
  8 worms
  2 dart slugs
  An orc (D:3)
  4 endoplasms
  6 giant cockroaches
  3 goblins
  5 hobgoblins
  6 kobolds
  2 quokkas (D:1)
  9 ball pythons
  2 bats (D:1)
  2 frilled lizards
  6 rats
77 creatures vanquished.

Notes
Turn   | Place    | Note
-------+----------+-------------------------------------------
     0 | D:1      | CaptainMV the Demonspawn Wanderer began the quest for the
                  | Orb.
     0 | D:1      | CaptainMV set off with the following items: a +2
                  | quarterstaff, a +0 pair of boots, a potion of heal wounds,
                  | a +0 robe; and the following spell memorised: Kiss of
                  | Death; and the following spells available to memorise:
                  | Vampiric Draining.
     0 | D:1      | Reached XP level 1. HP: 13/13 MP: 3/3
   122 | D:1      | Reached skill level 3 in Staves
   209 | D:1      | Gained mutation: You have a small tail. [demonic ancestry]
   209 | D:1      | Reached XP level 2. HP: 19/19 MP: 5/5
   994 | D:2      | Gained mutation: You have an unusually large brain. (Int
                  | +2) [demonic ancestry]
   994 | D:2      | Reached XP level 3. HP: 20/20 MP: 3/6
  1962 | D:4      | Noticed Onni's ghost (amateur TrFi)
  1963 | D:4      | Found a runed translucent gate.
  1963 | D:4      | Found a runed translucent gate.
  1963 | D:4      | Found a runed translucent gate.
  2003 | D:4      | Reached skill level 1 in Fighting
  2003 | D:4      | Gained mutation: You have a tail ending in a sharp stinger.
                  | [demonic ancestry]
  2003 | D:4      | Reached XP level 4. HP: 4/27 MP: 7/7
  2236 | D:4      | Noticed a black bear
  2244 | D:4      | Killed a black bear
  2245 | D:4      | Reached skill level 4 in Staves
  2245 | D:4      | Reached XP level 5. HP: 9/36 MP: 5/8
  2260 | D:4      | Learned a level 3 spell: Vampiric Draining
  2278 | D:4      | Found a snail-covered altar of Cheibriados.
  2303 | D:4      | Found a glowing drain.
  2349 | Sewer    | Entered a sewer
  2470 | Sewer    | Reached XP level 6. HP: 23/44 MP: 2/9
  2517 | Sewer    | HP: 2/44 [kobold brigand/+0 dagger (2)]
  2534 | Sewer    | Reached skill level 5 in Staves
  2844 | Sewer    | Gained mutation: You are partially covered in sharp spines.
                  | [demonic ancestry]
  2844 | Sewer    | Reached XP level 7. HP: 12/51 MP: 0/11
  3169 | D:4      | Found a basalt altar of Yredelemnul.
  3411 | D:4      | Found a staircase to the Ecumenical Temple.
  3426 | Temple   | Entered the Ecumenical Temple
  3510 | Temple   | Became a worshipper of Kikubaaqudgha
  3635 | D:4      | Mangled by Onni's ghost

Illustrated notes

Levels and vault maps discovered:
D:1:      eino_arrival_cavern_d, layout_basic
D:2:      layout_loops_ring
D:3:      layout_loops_corners, minmay_misc_feat_rows
D:4:      layout_loops_ring, nicolae_overflow_squiral, temple_hall,
          gammafunk_ghost_necromancy, gup_sewer_entry_glass
Temple:   chequers_temple_sunken

Skill      XL: |  1  2  3  4  5  6  7 |
---------------+----------------------+-----
Stealth        | 2 3 |  3.2
Staves         | 3 4 5 |  5.5
Fighting       | 1 2 |  2.6
Dodging        | 2 |  2.2
Necromancy     | 2 |  2.5
Spellcasting   | 3 |  3.2
Throwing       | |  0.5
Invocations    | |  1.2

Action                     |  1- 3 |  4- 6 |  7- 9 || total
---------------------------+-------+-------+-------++-------
  Melee: Quarterstaff      |    75 |   103 |    33 ||   211
         Tailslap          |     7 |     9 |     3 ||    19
  Throw: Dart              |    11 |       |       ||    11
   Cast: Kiss of Death     |     4 |     2 |       ||     6
         Vampiric Draining |       |     9 |    13 ||    22
  Evoke: Wand              |       |       |     3 ||     3
    Use: Scroll            |     5 |     2 |     2 ||     9
         Potion            |       |     4 |     1 ||     5
   Stab: Sleeping          |     6 |     1 |       ||     7
         Confused          |     1 |       |       ||     1
         Invisible         |     1 |       |       ||     1
 Armour: Robe              |    14 |    19 |     9 ||    42
  Dodge: Dodged            |    35 |    60 |    28 ||   123
